[Event "13th BPB Limburg Open 2019"]
[Site "Maastricht"]
[Date "2019.06.08"]
[Round "3.8"]
[White "De Jong, Tom"]
[Black "Monroy, Charles"]
[Result "0-1"]
[ECO "C84"]
[WhiteElo "2155"]
[BlackElo "2432"]
[Annotator "NA"]
[PlyCount "66"]
[EventDate "2019.06.07"]
[EventCountry "NED"]
[SourceTitle "playchess.com"]
[Source "ChessBase"]
[SourceQuality "1"]
[TimeControl "7200+15"]

1. e4 e5 2. Nf3 Nc6 3. Bb5 a6 4. Ba4 Nf6 5. O-O Be7 6. d3 b5 7. Bb3 d6 8. a3 O-O 9. Nc3 Bg4 10. Be3 Nd4 {[%emt 0:12:13] C84: Closed Ruy Lopez: Unusual White 6th moves} 11. Bxd4 exd4 12. Nd5 c5 (12... Nd7 13. h3 Bxf3 14. Qxf3 c6 15. Nf4 Nc5 16. Ba2 a5 17. Qg4 Kh8 18. Ne2 {1-0 (48) Caruana,F (2828)-Postny,E (2623) chess.com INT 2019}) 13. c3 dxc3 14. bxc3 Rc8 $146 ({Predecessor:} 14... Re8 15. h3 Be6 16. Ne3 c4 17. dxc4 Nxe4 18. Bc2 {½-½ (53) Tan,J (2239)-Illingworth,M (2422) Nadi 2013}) 15. Re1 c4 16. dxc4 bxc4 17. Ba2 Nxd5 18. Qxd5 Bxf3 19. gxf3 Rc5 20. Qb7 Bf6 21. Red1 Be5 22. Rd5 Qh4 23. Kf1 Rcc8 24. Rb1 f5 25. Bxc4 Qh3+ $17 {[%emt 0:08:38] Double Attack} ({And not} 25... Rxc4 {[#]} 26. Rxe5 $1 Qh3+ {[%mdl 64] Double Attack} 27. Ke2 $11) 26. Ke2 Kh8 27. Bd3 Rxc3 28. exf5 Re8 29. Qf7 Rcc8 30. Rb7 Bf6+ 31. Be4 Rxe4+ 32. fxe4 Qg4+ 33. Kd2 Bg5+ 0-1

[Event "13th BPB Limburg Open 2019"]
[Site "Maastricht"]
[Date "2019.06.08"]
[Round "3.9"]
[White "Leenhouts, Koen"]
[Black "Elgersma, Onno"]
[Result "1/2-1/2"]
[ECO "E39"]
[WhiteElo "2432"]
[BlackElo "2173"]
[Annotator "NA"]
[PlyCount "70"]
[EventDate "2019.06.07"]
[EventCountry "NED"]
[SourceTitle "playchess.com"]
[Source "ChessBase"]
[SourceQuality "1"]
[TimeControl "7200+15"]

1. d4 Nf6 2. c4 e6 3. Nc3 Bb4 4. Qc2 O-O 5. Nf3 c5 6. dxc5 Na6 7. g3 Nxc5 8. Bg2 b6 9. O-O {[%emt 0:00:26] E39: Nimzo-Indian: Classical: 4...c5 5 dxc5 0-0} Bb7 10. Nb5 Be4 11. Qd1 Nb7 12. Bf4 Rc8 (12... a6 13. Nd6 Nxd6 14. Bxd6 Bxd6 15. Qxd6 Qc8 16. Rac1 Qb7 {0-1 (41) Lenic,L (2656)-Iturrizaga Bonelli,E (2636) chess.com INT 2018}) 13. Rc1 a6 14. Nc3 $146 ({Predecessor:} 14. Nd6 Nxd6 15. Bxd6 Bxd6 16. Qxd6 Rc6 {½-½ (40) Omar,N (2353)-Debashis,D (2539) Abu Dhabi 2018}) 14... Bxc3 15. Rxc3 d5 16. Qc1 d4 17. Ra3 b5 18. Be5 Rxc4 19. Qg5 h6 20. Bxf6 hxg5 21. Bxd8 Rxd8 22. Rxa6 Rc2 23. Nxg5 Bxg2 24. Kxg2 Rxe2 25. Rd1 e5 26. b3 $17 (26. Rc1 $1 $11 {remains equal.} Rf8 27. Rb6) 26... g6 27. Kf1 Rc2 28. Ne4 Rdc8 29. Ra7 Nc5 30. Nd6 Rc6 31. Nxf7 Ne4 32. Nxe5 Rxf2+ 33. Kg1 Rcc2 34. Ra8+ Kg7 35. Ra7+ Kg8 1/2-1/2

[Event "13th BPB Limburg Open 2019"]
[Site "Maastricht"]
[Date "2019.06.08"]
[Round "3.11"]
[White "Decoster, Frederic"]
[Black "Blom, Vincent"]
[Result "1/2-1/2"]
[ECO "B32"]
[WhiteElo "2293"]
[BlackElo "2291"]
[Annotator "ChessBase"]
[PlyCount "76"]
[EventDate "2019.06.07"]
[EventCountry "NED"]
[SourceTitle "playchess.com"]
[Source "ChessBase"]
[SourceQuality "1"]
[TimeControl "7200+15"]

1. e4 c5 2. Nf3 Nc6 3. d4 cxd4 4. Nxd4 e5 5. Nb5 a6 6. Nd6+ Bxd6 7. Qxd6 Qf6 8. Qxf6 Nxf6 9. Nc3 Nb4 10. Bd3 h6 11. f4 d6 12. O-O Nxd3 13. cxd3 Bd7 14. Be3 Bc6 15. a4 Ke7 16. h3 b5 17. a5 Rac8 18. b4 Bb7 19. Rac1 exf4 20. Bxf4 d5 21. e5 Nd7 22. Ne2 Rxc1 23. Rxc1 Rc8 24. Rxc8 Bxc8 25. Nd4 Nf8 26. Kf2 Bd7 27. Ke3 h5 28. Ne2 Ne6 29. d4 g6 30. Bg3 Ke8 31. Bh4 Ng7 32. Bf6 Ne6 33. Nc3 Bc6 34. Nd1 Bd7 35. Nf2 Bc8 36. g4 hxg4 37. Nxg4 Nc7 38. Nf2 Bf5 {[%emt 0:00:05] Ke4} 1/2-1/2

[Event "13th BPB Limburg Open 2019"]
[Site "Maastricht"]
[Date "2019.06.09"]
[Round "4.11"]
[White "Asadzade, Idris"]
[Black "Admiraal, Miguoel"]
[Result "0-1"]
[ECO "D17"]
[WhiteElo "2125"]
[BlackElo "2507"]
[Annotator "RC"]
[PlyCount "160"]
[EventDate "2019.06.07"]
[EventCountry "NED"]
[SourceTitle "playchess.com"]
[Source "ChessBase"]
[SourceQuality "1"]
[TimeControl "7200+15"]

1. d4 d5 2. c4 c6 3. Nc3 Nf6 4. Nf3 dxc4 5. a4 Bf5 6. Ne5 Nbd7 7. Nxc4 Nb6 8. Ne5 a5 9. f3 Nfd7 10. Nxd7 Nxd7 11. e4 Bg6 12. Qb3 e5 13. dxe5 Bb4 14. Be3 Nxe5 15. Bc4 Qh4+ 16. Bf2 Qg5 17. Bf1 Rd8 18. Qc2 h5 19. h4 Qf4 20. Qc1 Qxc1+ 21. Rxc1 f6 22. Be3 Bf7 23. Kf2 Bb3 24. Ra1 Kf7 25. Be2 Nd7 26. Na2 Bc5 27. Nc1 Be6 28. Nd3 Bxe3+ 29. Kxe3 Ke7 30. Rhd1 Bc4 31. Nf4 Bf7 32. Nd3 Ra8 33. Rdc1 Ra6 34. Ra3 Rb6 35. Rcc3 Rd8 36. f4 Kd6 37. b3 Re8 38. Bf3 Bg6 39. Rc4 Bf7 40. Rc3 Bd5 41. Kd4 c5+ 42. Ke3 Bxe4 43. Bxe4 f5 44. Rc4 fxe4 45. Rxe4 Rxe4+ 46. Kxe4 Ke6 47. f5+ Kd6 48. Nb2 Nf6+ 49. Kf4 Rb4+ 50. Nc4+ Ke7 51. Kg5 Kf8 52. Kf4 Ke7 53. Kg5 Kf7 54. Ne5+ Kf8 55. Nc4 Nd5 56. Kxh5 Nf4+ 57. Kg4 Nxg2 58. Kg3 Ne1 59. Nxa5 Nc2 60. Ra2 Nd4 61. Rf2 b6 62. Nc4 Nxb3 63. Rb2 Ke7 64. Ne5 Na5 65. Nd3 Rxa4 66. Nf4 Nc4 67. Rb3 Kf6 68. Nd5+ Kxf5 69. Nxb6 Ra3 70. Rxa3 Nxa3 71. Kf3 Nb5 72. Nc4 Nd4+ 73. Ke3 Kg4 74. Ne5+ Kxh4 75. Nd7 Ne6 76. Ke4 g5 77. Ne5 g4 78. Kd5 g3 79. Nf3+ Kg4 80. Ng1 g2 {[%emt 0:00:28] Kd4} 0-1

[Event "13th BPB Limburg Open 2019"]
[Site "Maastricht"]
[Date "2019.06.09"]
[Round "5.5"]
[White "Klein, Felix"]
[Black "Sadzikowski, Daniel"]
[Result "0-1"]
[ECO "C91"]
[WhiteElo "2328"]
[BlackElo "2510"]
[Annotator "ChessBase"]
[PlyCount "52"]
[EventDate "2019.06.07"]
[EventCountry "NED"]
[SourceTitle "playchess.com"]
[Source "ChessBase"]
[SourceQuality "1"]
[TimeControl "7200+15"]

1. e4 e5 2. Nf3 Nc6 3. Bb5 a6 4. Ba4 Nf6 5. O-O Be7 6. Re1 b5 7. Bb3 d6 8. c3 O-O 9. d4 Bg4 10. Be3 Bh5 11. Nbd2 exd4 12. cxd4 Na5 13. Bc2 c5 14. d5 Ng4 15. Bf4 Ne5 16. b3 Bf6 17. Rc1 c4 18. Nf1 Bxf3 19. gxf3 Ng6 20. Be3 Bc3 21. Ng3 Bxe1 22. Qxe1 Nh4 23. Qe2 cxb3 24. axb3 Rc8 25. f4 Rc3 26. Bd4 Nf3+ {[%emt 0:01:01] Be3 Nh4} 0-1

[Event "13th BPB Limburg Open 2019"]
[Site "Maastricht"]
[Date "2019.06.10"]
[Round "7.11"]
[White "Haast, Mark"]
[Black "Stricker, Florian"]
[Result "1-0"]
[ECO "E09"]
[WhiteElo "2392"]
[BlackElo "2061"]
[Annotator "NA"]
[PlyCount "25"]
[EventDate "2019.06.07"]
[EventCountry "NED"]
[SourceTitle "playchess.com"]
[Source "ChessBase"]
[SourceQuality "1"]
[TimeControl "7200+15"]

1. g3 Nf6 2. Bg2 d5 3. c4 e6 4. Nf3 c6 5. O-O Be7 6. d4 O-O 7. Qc2 b6 8. Nbd2 Ba6 9. b3 Nbd7 10. Bb2 Rc8 11. e4 c5 12. exd5 exd5 13. Qf5 1-0